 Dungeon Crawl Stone Soup version 0.31.0-11-ge490571c62 (webtiles) character file.

Game seed: 7837452790813534181

182 qw the Skirmisher (level 5, -4/29 HPs)
             Began as a Deep Elf Hunter on Feb 3, 2024.
             Slain by Blork the orc
             ... wielding a +1 glaive of protection
              (11 damage)
             ... on level 4 of the Dungeon.
             The game lasted 00:00:13 (2990 turns).

qw the Skirmisher (Deep Elf Hunter)                 Turns: 2990, Time: 00:00:13

Health: -4/29      AC:  8    Str: 10    XL:     5   Next: 35%
Magic:  7/7        EV:  8    Int: 14    God:
Gold:   214        SH:  0    Dex: 18    Spells: 4/4 levels left

rFire   + + +        a - +0 shortbow
rCold   . . .        (shield currently unavailable)
rNeg    . . .        f - +2 ring mail
rPois   .            i - +0 helmet
rElec   .            (no cloak)
rCorr   .            (no gloves)
SInv    +            (no boots)
Will    .....        e - amulet of Ezxiproz {RegenMP Rampage ^Fragile rF+++ SInv}
Stlth   +            (no ring)
HPRegen 0.24/turn    (no ring)
MPRegen 0.50/turn

%: rampage
@: grasped by roots, constricted
A: no striking features
a: no special abilities


You were on level 4 of the Dungeon.
You visited 1 branch of the dungeon, and saw 4 of its levels.

You collected 214 gold pieces.


   Skills:
 - Level 1.5 Fighting
 + Level 8.8 Ranged Weapons
 - Level 2.4 Dodging
 - Level 1.2 Stealth


You had 4 spell levels left.
You didn't know any spells.
Your spell library was empty.

Inventory:

Hand Weapons
 a - a +0 shortbow (weapon)
Armour
 f - a +2 ring mail (worn)
 i - a +0 helmet (worn)
Jewellery
 b - a ring of see invisible
 e - the amulet of Ezxiproz (around neck) {RegenMP Rampage ^Fragile rF+++ SInv}
   (You acquired it on level 1 of the Dungeon)

   [amulet of magic regeneration]

   RegenMP:   It increases your rate of magic regeneration.
   rF+++:     It renders you almost immune to fire.
   SInv:      It lets you see invisible.
   ^Fragile:  It will be destroyed if unequipped.
   Rampage:   It bestows one free step when moving towards enemies.

Dungeon Overview and Level Annotations

Branches:
Dungeon (4/15)
 Temple: D:4-7

Altars:
Ashenzari
Nemelex Xobeh

Annotations:
D:3 3 runed translucent doors, qw's ghost, amateur SpHu
D:4 Blork the orc; Ijyb; Pikel


Message History

The grasping roots constrict you.
2977 ||| FLEEEEING.
You escape the roots grasp.
2978 ||| FLEEEEING.
You start resting.
Ijyb is nearby!
You shoot an arrow. The arrow closely misses Ijyb.
You start resting.
Blork the orc comes into view.
He is wielding a +1 glaive of protection.
You shoot an arrow. The arrow hits Ijyb but does no damage.
Ijyb zaps a wand.
The roots erupt in riotous growth!
The grasping roots grab you!
Ijyb is unaffected.
The grasping roots constrict you.
You shoot an arrow. The arrow hits Ijyb.
Ijyb is moderately wounded.
Ijyb hits you but does no damage. The grasping roots constrict you.
The grasping roots release their grip on you.
You shoot an arrow. The arrow hits Ijyb but does no damage.
Ijyb is moderately wounded.
Blork the orc casts a spell.
Blork the orc seems to speed up.
Ijyb hits you but does no damage.
Blork the orc miscasts a cantrip.
You shoot an arrow. The arrow hits Ijyb.
Ijyb is heavily wounded.
Ijyb closely misses you.
You shoot an arrow. The arrow hits Ijyb.
Ijyb is severely wounded.
Ijyb barely misses you.
You shoot an arrow. The arrow closely misses Ijyb.
Ijyb closely misses you.
Ijyb zaps a wand.
The roots erupt in riotous growth!
The grasping roots grab you!
Ijyb is unaffected.
The grasping roots constrict you.
You shoot an arrow. The arrow closely misses Ijyb.
Ijyb closely misses you. The grasping roots constrict you.
You shoot an arrow. The arrow hits Ijyb but does no damage.
Ijyb is severely wounded.
Blork the orc hits you but does no damage.
Ijyb hits you with a +2 vampiric dagger.
Ijyb draws strength from your wounds! The grasping roots constrict you.
Blork the orc hits you from afar with a +1 glaive of protection!
You die...

#..........####....
.....##.##.........
#.....#.#...#######
#...#.....#.#
#.#.##...##.#
#......_....#
...##...##.# ..
#.....#.#
.....#.#@..#
....##.##g.#
.........o.#
.###.......#
##.....## ##...##
#.g.# #...# #...#


You could see Blork the orc (fast) and Ijyb.

Vanquished Creatures
  A bombardier beetle (D:3)
  Robin (D:3)
  2 gnolls
  3 adders
  A dart slug (D:4)
  A ribbon worm (D:2)
  4 orcs (D:3)
  6 endoplasms
  3 giant cockroaches
  6 hobgoblins
  3 jackals (D:1)
  2 quokkas
  5 ball pythons
  12 bats
  2 frilled lizards
  13 goblins
  6 kobolds
  9 rats
80 creatures vanquished.

Notes
Turn   | Place    | Note
-------+----------+-------------------------------------------
     0 | D:1      | qw the Deep Elf Hunter began the quest for the Orb.
     0 | D:1      | Reached XP level 1. HP: 12/12 MP: 3/3
     0 | D:1      | 0 ||| qw: Version: 0.3-a-157-g843a77d
     0 | D:1      | 0 ||| qw: Game counter: 3753
     0 | D:1      | 0 ||| qw: Melee chars always use a shield: true
     0 | D:1      | 0 ||| qw: God list: Okawaru
     0 | D:1      | 0 ||| qw: Allow faded altars: false
     0 | D:1      | 0 ||| qw: Do Orc after clearing Dungeon:15 true
     0 | D:1      | 0 ||| qw: Do second Lair branch before Depths: true
     0 | D:1      | 0 ||| qw: Lair rune preference: random
     0 | D:1      | 0 ||| qw: Goals: Normal
     0 | D:1      | 0 ||| PLANNING D:1-11
   127 | D:1      | Reached skill level 6 in Ranged Weapons
   127 | D:1      | Reached XP level 2. HP: 16/16 MP: 4/4
   217 | D:1      | Reached XP level 3. HP: 18/20 MP: 5/5
   567 | D:1      | 567 ||| READING 2 scrolls labelled OGHUEBR XYATA.
   567 | D:1      | 567 ||| ENCHANTING +0 shortbow.
   568 | D:1      | 568 ||| READING scroll labelled OHOYTRUGIG.
   568 | D:1      | Identified a scroll of acquirement
   568 | D:1      | 568 ||| ACQUIRING amulet of Ezxiproz {RegenMP Rampage
                  | ^Fragile rF+++ SInv}
   568 | D:1      | Acquired the amulet of Ezxiproz {RegenMP Rampage ^Fragile
                  | rF+++ SInv}
   570 | D:1      | 570 ||| UPGRADING to amulet of Ezxiproz {RegenMP Rampage
                  | ^Fragile rF+++ SInv}.
   575 | D:1      | 575 ||| READING scroll labelled YRUJYG MORUMUA.
   575 | D:1      | 575 ||| IDENTIFYING scroll labelled EDDIRAKOLAPT
   576 | D:1      | 576 ||| DROPPING scroll of butterflies.
   577 | D:1      | 577 ||| DROPPING scroll of noise.
   776 | D:2      | Reached skill level 7 in Ranged Weapons
  1629 | D:2      | 1629 ||| UPGRADING to +0 ring mail.
  1639 | D:2      | 1639 ||| DROPPING +0 leather armour.
  1640 | D:2      | 1640 ||| READING scroll of enchant armour.
  1640 | D:2      | 1640 ||| ENCHANTING +0 ring mail.
  1641 | D:2      | 1641 ||| READING scroll labelled GOAGYI FUEPU.
  1742 | D:2      | 1742 ||| READING 2 scrolls labelled DOUMIO KARI.
  1780 | D:3      | Noticed qw's ghost (amateur SpHu)
  1780 | D:3      | Noticed a water moccasin
  1782 | D:3      | Found a runed translucent gate.
  1782 | D:3      | Found a runed translucent gate.
  1782 | D:3      | Found a runed translucent gate.
  1826 | D:3      | Reached XP level 4. HP: 25/25 MP: 6/6
  1834 | D:3      | Noticed Robin
  1856 | D:3      | Killed Robin
  1860 | D:3      | HP: 4/25 [goblin/+0 club[Robin] (3)]
  1861 | D:3      | 1861 ||| READING scroll of teleportation.
  2112 | D:3      | Reached skill level 8 in Ranged Weapons
  2271 | D:3      | 2271 ||| READING scroll labelled UMONLITTYN.
  2386 | D:3      | Found a broken altar of Ashenzari.
  2555 | D:3      | Reached XP level 5. HP: 29/29 MP: 7/7
  2598 | D:3      | 2598 ||| READING scroll of enchant armour.
  2598 | D:3      | 2598 ||| ENCHANTING +1 ring mail.
  2867 | D:3      | 2867 ||| UPGRADING to +0 helmet.
  2872 | D:3      | 2872 ||| READING scroll of identify.
  2872 | D:3      | 2872 ||| IDENTIFYING bubbling coppery potion
  2873 | D:3      | 2873 ||| READING scroll labelled ZEVUHUU YBAC.
  2874 | D:3      | 2874 ||| READING scroll labelled OZIONI UCIUCU.
  2875 | D:3      | 2875 ||| DROPPING potion of lignification.
  2895 | D:4      | Noticed Pikel
  2895 | D:4      | Noticed a lemure
  2895 | D:4      | Noticed a lemure
  2896 | D:4      | 2896 ||| STAIRDANCE
  2938 | D:4      | Found a sparkling altar of Nemelex Xobeh.
  2939 | D:4      | 2939 ||| STAIRDANCE
  2973 | D:4      | Noticed Ijyb
  2976 | D:4      | 2976 ||| FLEEEEING.
  2977 | D:4      | 2977 ||| FLEEEEING.
  2978 | D:4      | 2978 ||| FLEEEEING.
  2982 | D:4      | Noticed Blork the orc
  2990 | D:4      | HP: 7/29 [constriction (3)]
  2990 | D:4      | Slain by Blork the orc

Levels and vault maps discovered:
D:1:      wander_arrival_desolate, layout_basic, minmay_misc_feat_pillars,
          minmay_tripent
D:2:      layout_loops_corners, serial_bayou_lagoon_a, uniq_crazy_yiuf_cottage
D:3:      layout_loops_corners, mainiacjoe_overflow_chevrons,
          gammafunk_ghost_split, kennysheep_generic_room_10, uniq_robin
D:4:      layout_basic, mainiacjoe_overflow_small_starburst, bloody_makhleb,
          minmay_temple_entry_glassed_door, ebering_ghost_inner_flame,
          nicolae_figureground_sparkle, uniq_pikel, uniq_ijyb,
          uniq_blork_the_orc, uniq_grinder

Skill      XL: |  1  2  3  4 |
---------------+-------------+-----
Ranged Weapons | 6 7 8 |  8.8
Fighting       | |  1.5
Dodging        | |  2.4
Stealth        | |  1.2

Action                     |  1- 3 |  4- 6 || total
---------------------------+-------+-------++-------
   Fire: Shortbow          |   129 |   124 ||   253
    Use: Scroll            |     6 |     6 ||    12
 Armour: Leather armour    |    23 |       ||    23
         Ring mail         |       |    53 ||    53
  Dodge: Dodged            |    31 |    49 ||    80

Table legend:
 A = Non-vault XP
 B = Vault XP
 C = Vault XP percentage of total XP
 D = Non-vault monster count
 E = Vault monster count
 F = Vault count percentage of total count
                 A         B        C        D         E       F
            +---------+---------+-------+---------+---------+-------
      Total |     212 |      49 |  18.8 |      67 |      13 |  16.2
            +---------+---------+-------+---------+---------+-------
        D:1 |      42 |       3 |   6.7 |      21 |       2 |   8.7
        D:2 |      49 |       0 |   0.0 |      23 |       0 |   0.0
        D:3 |     113 |      46 |  28.9 |      20 |      11 |  35.5
        D:4 |       8 |       0 |   0.0 |       3 |       0 |   0.0
            +---------+---------+-------+---------+---------+-------
